Map: Miner Evacuation

Players

NamroodTuo

  • Race: Zerg Zerg

Gerben

  • Race: Terran Terran
  • Spawn Location: 7:00

VOD

Have the link to the VOD?

Description

Time

  • Played on: Jan. 19, 2023, 6:45 a.m.
  • Length: 25:44
Show
View Real Time Build Order
Export as new Build Order

NamroodTuo Zerg 

Build Orders:  

Get SALT Encoding   

  12  0:03  Infested SCV  
  13  0:30  Infested SCV x2  
  13  0:35  Overlord  
  15  1:06  Infested SCV  
  15  1:08  Infested Barracks, Infested SCV  
  15  1:09  Overlord  
  17  1:22  Infested SCV  
  18  1:38  Infested SCV  
  19  1:47  Infested Refinery  
  19  1:50  Infested Refinery  
  19  1:58  Infested Engineering Bay  
  19  2:00  Infested SCV  
  20  2:10  Infested Marine  
  20  2:18  Infested SCV  
  22  2:21  Infested Marine  
  22  2:22  Infested Marine  
  22  2:26  Overlord  
  24  2:43  Infested SCV  
  24  2:45  Infested Marine  
  26  2:53  Infested Barracks  
  26  2:59  Infested SCV  
  27  3:04  Infested Barracks Tech Lab  
  27  3:33  Retinal Augmentation  
  27  3:35  Infested SCV x2  
  28  3:54  Infested SCV  
  27  4:00  Infested Marine x3  
  29  4:10  Infested SCV  
  29  4:18  Regenerative Plating  
  30  4:20  Infested SCV  
  31  5:14  Infested Command Center  
  31  5:21  Infested SCV x2  
  31  5:24  Overlord  
  31  5:25  Infested SCV  
  31  5:41  Plagued Munitions  
  35  5:55  Infested Bunker  
  35  5:59  Infested Marine  
  36  6:00  Infested Marine x11  
  36  6:04  Overlord x2  
  43  6:25  Infested Marine  
  43  6:26  Infested Marine x4  
  43  6:27  Infested Marine x3  
  43  6:29  Overlord  
  45  6:31  Overlord  
  39  6:45  Infested Marine  
  39  6:46  Infested Marine x11  
  47  7:08  Infested SCV x3  
  50  7:34  Infested Bunker  
  50  7:38  Stukov Infantry Weapons Level 1  
  54  7:54  Infested SCV  
  54  7:59  Overlord  
  55  8:01  Overlord  
  55  8:02  Infested SCV x2  
  55  8:03  Infested SCV  
  55  8:07  Infested SCV  
  55  8:16  Infested Marine x10  
  55  8:17  Infested Marine  
  54  8:33  Infested Marine  
  54  8:34  Infested Marine x10  
  54  8:39  Infested SCV x2  
  67  8:43  Infested SCV x3  
  67  8:44  Infested SCV  
  71  8:54  Infested SCV  
  72  9:14  Infested Marine  
  72  9:15  Infested Marine x13  
  72  9:17  Infested SCV  
  87  9:27  Infested Bunker  
  91  9:31  Infested Marine  
  91  9:32  Infested Marine x11  
  92  10:01  Infested SCV  
  86  10:14  Infested Bunker  
  90  10:20  Infested Bunker  
  90  10:23  Stukov Infantry Armor Level 1  
  90  10:31  Infested Factory  
  90  10:35  Infested Barracks  
  90  10:39  Infested SCV  
  91  10:41  Overlord  
  91  10:42  Infested SCV  
  91  10:47  Infested SCV  
  91  10:49  Overlord  
  79  11:09  Infested Missile Turret  
  67  11:10  Infested Missile Turret  
  67  11:12  Infested Missile Turret  
  67  11:17  Infested Marine x11  
  67  11:18  Infested Marine x3  
  81  11:41  Infested Armory  
  85  11:52  Infested Bunker  
  85  12:18  Infested Bunker  
  89  12:22  Infested Marine x4  
  89  12:23  Infested Marine  
  89  12:25  Infested Marine x4  
  98  12:47  Infested SCV  
  98  12:48  Infested SCV  
  100  12:54  Infested SCV  
  100  12:55  Aggressive Incubation  
  87  13:03  Stukov Infantry Weapons Level 2  
  87  13:13  Infested Bunker  
  95  13:25  Infested Marine  
  95  13:26  Infested Marine x10  
  95  13:27  Infested Marine x5  
  106  14:04  Overseer x5  
  106  14:05  Overseer  
  106  14:07  Infested Bunker  
  102  14:16  Infested Marine  
  102  14:17  Infested Marine x12  
  115  14:27  Infested Bunker  
  115  14:29  Infested Bunker  
  123  14:38  Infested Marine  
  123  14:39  Infested Marine x2  
  126  14:47  Overlord  
  126  14:48  Overlord x5  
  111  15:44  Infested Marine x3  
  111  15:45  Infested Marine x20  
  138  15:55  Infested Marine x2  
  138  15:56  Infested Marine x17  
  138  15:58  Overlord  
  147  16:02  Infested Bunker  
  147  16:10  Infested Marine x7  
  147  16:11  Infested Marine x14  
  147  16:13  Calcified Armor  
  147  16:18  Infested Bunker  
  165  16:52  Infested Missile Turret  
  169  17:08  Infested Missile Turret  
  169  17:13  Stukov Infantry Armor Level 2  
  169  17:15  Infested Marine x6  
  169  17:16  Infested Marine x3  
  169  17:18  Infested Bunker  
  179  17:20  Overlord x2  
  179  17:25  Overlord  
  159  17:34  Infested Bunker  
  140  17:41  Infested Marine  
  140  17:42  Infested Marine x10  
  140  17:43  Infested Marine x6  
  140  17:47  Infested Marine  
  140  17:48  Infested Marine x12  
  140  17:49  Infested Marine x5  
  152  18:20  Infested Marine  
  152  18:21  Infested Marine x22  
  167  19:15  Infested Marine  
  167  19:16  Infested Marine x18  
  167  19:17  Infested Marine x21  
  172  19:35  Infested SCV x3  
  172  19:36  Infested SCV  
  172  19:37  Infested SCV x2  
  186  19:50  Infested Marine  
  186  19:51  Infested Marine x13  
  186  19:59  Infested Bunker  
  177  20:02  Infested Marine  
  177  20:03  Infested Marine x14  
  192  20:23  Stukov Infantry Weapons Level 3  
  192  20:31  Infested Bunker  
  192  20:52  Infested Missile Turret  
  156  21:05  Infested Marine x6  
  156  21:06  Infested Marine x5  
  171  21:19  Infested Missile Turret  
  171  21:22  Infested Missile Turret, Infested Bunker  
  171  21:24  Infested Barracks  
  150  21:40  Infested Bunker  
  150  21:47  Infested Bunker  
  150  21:56  Infested Marine  
  150  21:57  Infested Marine x21  
  150  21:58  Infested Marine x11  
  183  22:27  Infested Bunker  
  183  22:28  Infested Bunker  
  176  23:29  Infested Bunker  
  180  23:37  Infested Bunker  
  159  23:40  Infested Bunker  
  159  23:43  Infested Bunker  
  159  24:13  Infested Marine x8  
  159  24:14  Infested Marine x23  
  159  24:15  Infested Marine x10  
Show
View Real Time Build Order
Export as new Build Order

Gerben Terran 

Build Orders:  

Get SALT Encoding   

  12  0:03  SCV  
  13  0:20  SCV  
  13  0:27  Refinery  
  14  0:37  SCV  
  15  0:54  SCV  
  15  0:58  Refinery  
  16  1:11  SCV  
  16  1:16  Barracks  
  17  1:28  SCV  
  18  1:45  SCV  
  19  2:02  SCV  
  20  2:19  SCV  
  21  2:21  Unknown  
  21  2:36  SCV  
  22  2:44  Elite Marine  
  26  3:54  Command Center  
  26  4:23  Engineering Bay x2  
  26  4:27  Factory  
  26  5:04  SCV  
  27  5:10  Terran Infantry Weapons Level 1, Terran Infantry Armor Level 1  
  27  5:13  Barracks Tech Lab  
  27  5:21  SCV  
  28  5:31  Starport  
  28  5:38  SCV  
  29  5:42  Refinery  
  29  5:48  SCV  
  30  5:51  Refinery  
  30  5:55  SCV  
  30  6:05  SCV  
  31  6:12  SCV  
  32  6:22  SCV  
  32  6:23  Starport Tech Lab  
  32  6:24  Factory Tech Lab  
  32  6:29  SCV  
  33  6:34  Armory x2  
  33  6:39  SCV  
  34  6:46  SCV  
  35  6:56  SCV  
  36  7:03  SCV  
  36  7:05  Super Stimpack  
  36  7:09  Infernal Pre-Igniter  
  37  7:13  SCV  
  37  7:15  Caduceus Reactor  
  38  7:20  SCV  
  38  7:29  Advanced Cloaking Field  
  39  7:30  SCV  
  39  7:37  SCV  
  41  7:40  Terran Vehicle And Ship Armor Level 1, Terran Vehicle and Ship Weapons Level 1  
  41  7:47  SCV  
  42  7:50  Laser Targeting System  
  42  7:51  Terran Infantry Weapons Level 2, Terran Infantry Armor Level 2  
  42  7:59  Covert Triage  
  42  8:00  Ghost Visor  
  42  8:02  Jump Jet Assault  
  42  8:07  Railgun Turret  
  42  8:28  Suppression Shells  
  42  8:33  Graduating Range  
  42  8:34  Railgun Turret  
  42  8:44  Raid Artillery  
  42  8:54  Elite Marine  
  42  8:58  Suppression Shells  
  46  9:02  Missile Turret  
  46  9:14  Smart Servos  
  46  9:18  Spider Mines  
  46  9:30  Missile Turret  
  46  9:59  Enhanced Manufacturing  
  46  10:01  Heavy Siege Tank  
  52  10:38  Terran Vehicle and Ship Weapons Level 2, Terran Vehicle And Ship Armor Level 2  
  52  11:17  Elite Marine x2  
  60  11:43  Railgun Turret  
  60  11:57  Terran Infantry Weapons Level 3, Terran Infantry Armor Level 3  
  60  12:02  Triple Tap  
  60  12:13  Railgun Turret  
  60  12:40  Missile Turret  
  60  12:47  EMP Round  
  60  13:10  Missile Turret  
  60  13:26  Rocket Barrage  
  60  13:28  Lockdown Missiles  
  60  13:40  Railgun Turret  
  60  13:42  Infernal Projectiles  
  60  14:08  Railgun Turret  
  60  14:13  Ares-Class Targeting System  
  60  14:31  Terran Vehicle And Ship Armor Level 3, Terran Vehicle and Ship Weapons Level 3  
  60  14:42  Operational Efficiency  
  60  14:57  Railgun Turret  
  60  15:23  Railgun Turret  
  60  15:48  Missile Turret  
  60  15:50  Missile Turret  
  60  15:51  Missile Turret  
  60  15:53  Railgun Turret, Missile Turret  
  60  15:55  Railgun Turret  
  60  16:07  Structure Armor  
  60  16:16  Railgun Turret  
  60  16:18  Railgun Turret  
  60  16:19  Railgun Turret  
  60  16:21  Railgun Turret  
  60  16:30  Heavy Siege Tank  
  66  17:10  Railgun Turret  
  66  17:11  Railgun Turret  
  66  17:15  Missile Turret  
  66  17:17  Railgun Turret  
  66  17:21  Missile Turret  
  66  17:49  Raid Liberator  
  72  19:02  Raid Liberator  
  78  20:58  Missile Turret  
  78  21:00  Missile Turret  
  78  21:01  Missile Turret  
  78  21:28  Missile Turret x2  
  78  21:32  Missile Turret  
  78  21:55  Missile Turret  
  78  22:00  Missile Turret  
  78  22:01  Missile Turret  
  78  22:24  Missile Turret  
  78  22:26  Railgun Turret  
  78  22:29  Railgun Turret  
  78  22:57  Railgun Turret  
  78  22:58  Railgun Turret  
  78  23:00  Railgun Turret  
Tags
 
Commander
NovaStukov
Matchup
Co-op
Replay Pack
Multiplayer
Add a new tag
Caveats
  • Supply blocks, unpowered buildings, or Contaminate may cause inaccurate times.
  • Supply counts are checked every 10 seconds.